 Dungeon Crawl Stone Soup version 0.30-a0-728-gc68057be0a (webtiles) character file.

Game seed: 10577088284521132758

25618 hikkokomori the Fighter (level 13, -1/84 HPs)
             Began as a Tengu Reaver on Feb 1, 2023.
             Was an Elder of Okawaru.
             Slain by a hell rat (5 damage)
             ... on level 4 of the Lair of Beasts.
             The game lasted 00:38:27 (16753 turns).

hikkokomori the Fighter (Tengu Reaver)             Turns: 16753, Time: 00:38:27

Health: -1/84      AC:  9    Str: 14    XL:     13   Next: 20%
Magic:  6/6        EV: 16    Int: 19    God:    Okawaru [****..]
Gold:   1003       SH:  7    Dex: 22    Spells: 15/16 levels left

rFire   . . .      SeeInvis .    a - +8 rapier "Baseonne" {antimagic, rElec}
rCold   . . .      Faith    +    f - +0 buckler of the Unbroken {Will+ Stlth+}
rNeg    . . .      Spirit   .    c - +0 scale mail
rPois   +          Reflect  .    (helmet restricted)
rElec   +          Harm     .    A - +1 cloak {rPois}
rCorr   .          Rampage  .    (no gloves)
Will    ++...                    (boots unavailable)
Stlth   +++                      g - amulet of faith
HPRegen 0.34/turn                Q - ring of willpower
MPRegen 0.10/turn                L - ring "Jisukev" {Str+3 Dex+6 Slay+2}

@: flying quickly and evasively, slowed, studying Ice Magic, very slow
A: beak, talons 3, nimble flight, clever 1, screaming 1, wild magic 1
a: Renounce Religion, Heroism, Finesse


You were on level 4 of the Lair of Beasts.
You worshipped Okawaru.
Okawaru was greatly pleased with you.
You visited 3 branches of the dungeon, and saw 17 of its levels.
You also visited: Sewer and Bailey.

You collected 1003 gold pieces.

Inventory:

Hand Weapons
 a - the +8 rapier "Baseonne" (weapon) {antimagic, rElec}
   (Okawaru gifted it to you on level 1 of the Lair of Beasts)

   rElec:     It insulates you from electricity.
 h - a +3 short sword of speed
 V - a +2 scimitar of flaming
Missiles
 E - 3 poisoned darts
 K - 13 atropa-tipped darts
 M - 5 curare-tipped darts
 O - 5 silver boomerangs
Armour
 c - a +0 scale mail (worn)
 f - the +0 buckler of the Unbroken (worn) {Will+ Stlth+}
   (You found it on level 4 of the Dungeon)

   Will:      It increases your willpower.
   Stlth:     It makes you more stealthy.
 A - a +1 cloak of poison resistance (worn)
 T - a +3 plate armour of fire resistance
Jewellery
 g - an amulet of faith (around neck)
 n - a ring of fire
 r - a +5 ring of evasion
 s - a ring of see invisible
 t - a +4 ring of protection
 F - a ring of poison resistance
 I - a +4 ring of slaying
 J - a ring of protection from fire
 L - the ring "Jisukev" (right hand) {Str+3 Dex+6 Slay+2}
   (You took it off a wight on level 8 of the Dungeon)

   [ring of dexterity]

   Str:       It affects your strength (+3).
   Dex:       It affects your dexterity (+6).
   Slay:      It affects your accuracy & damage with ranged weapons and melee
   (+2).
 Q - a ring of willpower (left hand)
Wands
 d - a wand of mindburst (4)
 H - a wand of iceblast (10)
 R - a wand of flame (23)
 S - a wand of digging (5)
Scrolls
 j - 3 scrolls of torment
 k - 2 scrolls of fog
 q - 2 scrolls of blinking
 x - 2 scrolls of enchant weapon
 y - 4 scrolls of teleportation
 B - 2 scrolls of amnesia
 D - a scroll of poison
 N - 2 scrolls of fear
 Y - a scroll of brand weapon
 Z - a scroll of vulnerability
Potions
 e - 2 potions of heal wounds
 i - 5 potions of magic
 m - 6 potions of curing
 o - a potion of lignification
 p - 4 potions of brilliance
 u - a potion of attraction
 v - a potion of haste
 w - a potion of invisibility
 z - a potion of ambrosia
 G - a potion of might
 U - a potion of resistance
 W - a potion of mutation
Miscellaneous
 X - a condenser vane (inert)


   Skills:
 + Level 11.2 Fighting
 + Level 9.3(10.7) Short Blades
 - Level 8.3(10.2) Long Blades
 - Level 5.6 Armour
 - Level 8.0 Dodging
 + Level 6.4 Stealth
 - Level 7.1 Shields
 - Level 2.0 Spellcasting
 - Level 4.5 Conjurations
 + Level 6.9 Invocations
 + Level 4.7 Evocations


You had 15 spell levels left.
You knew the following spells:

 Your Spells              Type           Power      Damage    Failure   Level
a - Kiss of Death         Conj/Necr      52%        2d9       38%         1

Your spell library contained the following spells:

 Spells                   Type           Power      Damage    Failure   Level
 Shock                    Conj/Air       52%        1d6       38%         1
 Momentum Strike          Conj/Tloc      26%        3d8       52%         2
 Hailstorm                Conj/Ice       13%        3d5       75%         3
 Ensorcelled Hibernation  Hex/Ice        4%         N/A       82%         2
 Confusing Touch          Hex            2%         N/A       96%         3
 Portal Projectile        Hex/Tloc       4%         N/A       96%         3
 Spider Form              Tmut/Pois      2%         N/A       96%         3
 Swiftness                Air            2%         N/A       96%         3
 Airstrike                Air            1%         2d(1-17)  100%        4
 Anguish                  Hex/Necr       1%         N/A       100%        4
 Dispel Undead            Necr           2%         3d7       100%        4
 Ice Form                 Ice/Tmut       2%         N/A       100%        4
 Leda's Liquefaction      Hex/Erth       1%         N/A       100%        4
 Manifold Assault         Tloc           2%         N/A       100%        4
 Dispersal                Tloc           1%         N/A       100%        6
 Disjunction              Tloc           1%         N/A       100%        8
 Call Canine Familiar     Summ           Unusable   N/A       N/A         3
 Simulacrum               Ice/Necr       Unusable   N/A       N/A         6

Dungeon Overview and Level Annotations

Branches:
Dungeon (11/15)            Temple (1/1) D:5            Lair (5/5) D:10
 Shoals (0/4) Lair:2        Snake (0/4) Lair:3        Slime (0/5) Lair:4
  Sewer (visited)          Bailey (visited)
    Orc: D:9-12

Altars:
Ashenzari
Cheibriados
Dithmenos
Fedhas
Gozag
Makhleb
Nemelex Xobeh
Okawaru
Qazlal
Ru
Sif Muna
Trog
Uskayaw
Vehumet
Xom
Zin
The Shining One
Jiyva

Portals:
Abyss: D:3

Annotations:
D:3 2 transporters, browni3141's ghost, weakling HuEE
D:6 3 runed translucent doors, Hamu's ghost, novice DsFE; Selrock's ghost, novice KoHs; SpyderV's ghost, novice DsFi; pokeman's ghost, novice DEHW; sigtrap's ghost, novice GnWn
Lair:5 Kirke


Innate Abilities, Weirdness & Mutations

You have a beak for a mouth.
You have claws for feet.
Your magical nature lets you fly swiftly and evasively.
Your mind is acute. (Int +4, Str/Dex -1)
You occasionally shout uncontrollably at your foes.
Your spells are a little harder to cast, but a little more powerful.


Message History

Level annotation: Kirke The hell rat barely misses you.
The cane toad stings you!
Being near the torpor snail leaves you feeling lethargic.
The cane toad barely misses you. The hell rat misses you.
There is a stone staircase leading up, spattered with blood here.
Your +2 scimitar of flaming stops flaming.
You feel magic leave you.
a - the +8 rapier "Baseonne" (weapon)
{antimagic, rElec} The hell rat bites you.
You impale the cane toad!! Your kick misses the cane toad.
You peck the cane toad.
The cane toad is heavily wounded.
The cane toad closely misses you. The hell rat misses you.
The cane toad stings you!
You puncture the cane toad!
The cane toad is almost dead.
The hell rat bites you but does no damage.
The cane toad stings you!
You are poisoned.
The cane toad poisons you! The torpor snail barely misses you.
You feel extremely sick. The hell rat completely misses you.
The cane toad stings you but does no damage.
The hell rat barely misses you. The torpor snail misses you.
The cane toad stings you!
* * * LOW HITPOINT WARNING * * *
You fly upwards.
You feel very sick.
There is a stone staircase leading down, spattered with blood here.
You feel better. The hell rat barely misses you. The cane toad misses you.
The torpor snail bites you!
* * * LOW HITPOINT WARNING * * *
You block the hell rat's attack. The cane toad completely misses you.
Okay, then.
The cane toad stings you but does no damage.
There is an escape hatch in the ceiling, spattered with blood here.
The cane toad stings you!
* * * LOW HITPOINT WARNING * * *
The hell rat bites you.
You die...

.......###....(....♣...♣♣....##
#.#.##..#........♣♣♣♣.♣♣♣♣....#
.######.#........♣♣.♣.♣♣♣..P..#
## #.#.......[..♣♣...♣♣..#.##
######....[..............##
#.#...†......#.....#.#
##..#>w..##.####....##
##.#Fr............##
#...@.PP(##P##..P#
#.....############ ##.###.# ###
###


You could see a torpor snail, a cane toad and a hell rat.

Vanquished Creatures
  4 hydras
  Erica (D:10)
  A boulder beetle (Lair:3)
  A catoblepas (Lair:4)
  A death yak (Lair:4)
  Sonja (Lair:3)
  A cyclops (D:9)
  5 elephants (Lair:1)
  A black mamba (Lair:3)
  10 cane toads
  An unseen horror (D:10)
  4 komodo dragons
  A troll (D:10)
  2 polar bears
  13 blink frogs
  Grinder (D:4)
  19 yaks
  A wraith (D:10)
  3 wyverns
  2 steam dragons
  4 vampire mosquitoes (D:10)
  A basilisk (Lair:5)
  3 nagas (Lair:3)
  Duvessa (D:4)
  8 water moccasins
  14 orc warriors
  A sky beast (D:7)
  An ice beast (D:8)
  An ogre (D:5)
  4 centaurs
  4 wolves (Lair:1)
  A phantom (D:6)
  10 bullfrogs
  9 wights
  Dowan (D:4)
  2 electric eels (Lair:1)
  3 quasits (D:8)
  3 hounds
  7 jellies
  A gnoll bouda (D:6)
  4 orc priests
  Natasha (thrice) (D:4)
  2 iguanas
  11 orc wizards
  6 hell rats (Lair:5)
  13 adders
  4 shadow imps
  7 white imps
  5 ufetubi
  A worm (D:2)
  2 dart slugs
  39 orcs
  6 bats
  4 endoplasms (D:1)
  6 giant cockroaches
  5 hobgoblins
  6 jackals
  15 kobolds
  5 quokkas
  9 ball pythons
  10 goblins
  5 rats
320 creatures vanquished.

Vanquished Creatures (others)
  An orc wizard (D:9)
  An orc (D:8)
  21 fungi
  50 plants
73 creatures vanquished.

Grand Total: 393 creatures vanquished

Notes
Turn   | Place    | Note
-------+----------+-------------------------------------------
     0 | D:1      | hikkokomori the Tengu Reaver began the quest for the Orb.
     0 | D:1      | Reached XP level 1. HP: 12/12 MP: 4/4
   156 | D:1      | Reached XP level 2. HP: 17/17 MP: 6/6
   271 | D:1      | Reached skill level 1 in Stealth
   352 | D:1      | Reached XP level 3. HP: 15/22 MP: 7/7
   833 | D:1      | Found a stormy altar of Qazlal.
  1486 | D:2      | Reached XP level 4. HP: 27/27 MP: 8/8
  1646 | D:3      | Found a transporter.
  1647 | D:3      | Found a transporter.
  1774 | D:3      | Found a blossoming altar of Fedhas.
  1774 | D:3      | Found a snail-covered altar of Cheibriados.
  1791 | D:3      | Found a one-way gate to the infinite horrors of the Abyss.
  1791 | D:3      | Noticed browni3141's ghost (weakling HuEE)
  1791 | D:3      | Noticed a kobold brigand
  1908 | D:3      | Found a sacrificial altar of Ru.
  2032 | D:3      | Noticed an ancient zyme
  2373 | D:4      | Noticed a bullfrog
  2382 | D:4      | Killed a bullfrog
  2383 | D:4      | Reached skill level 3 in Fighting
  2383 | D:4      | Reached skill level 1 in Shields
  2383 | D:4      | Gained mutation: Your magical nature lets you fly swiftly
                  | and evasively. [Tengu growth]
  2383 | D:4      | Reached XP level 5. HP: 15/32 MP: 9/9
  2561 | D:4      | Identified the +0 buckler of the Unbroken {Will+ Stlth+}
  2674 | D:4      | Found a glowing silver altar of Zin.
  2727 | D:4      | Noticed Duvessa
  2731 | D:4      | Found a glowing drain.
  2733 | D:4      | Noticed Dowan
  2746 | D:4      | Gained mutation: You occasionally shout uncontrollably at
                  | your foes. [potion of mutation]
  2746 | D:4      | Gained mutation: Your mind is acute. (Int +4, Str/Dex -1)
                  | [potion of mutation]
  2746 | D:4      | Gained mutation: Your spells are a little harder to cast,
                  | but a little more powerful. [potion of mutation]
  2747 | D:4      | Killed Duvessa
  2748 | D:4      | Reached XP level 6. HP: 19/37 MP: 10/10
  2776 | D:4      | Noticed Natasha
  2777 | D:4      | Killed Dowan
  2788 | D:4      | Killed Natasha
  2809 | Sewer    | Entered a sewer
  3290 | D:4      | Noticed Grinder
  3298 | D:4      | Killed Grinder
  3299 | D:4      | Reached skill level 4 in Fighting
  3299 | D:4      | Reached skill level 5 in Long Blades
  3299 | D:4      | Reached XP level 7. HP: 43/43 MP: 11/11
  3460 | D:4      | Noticed Natasha
  3466 | D:4      | Killed Natasha
  3518 | D:4      | Noticed Natasha
  3522 | D:4      | Killed Natasha
  3555 | D:5      | Entered Level 5 of the Dungeon
  3676 | D:5      | Reached skill level 1 in Evocations
  3860 | D:5      | Found a staircase to the Ecumenical Temple.
  3902 | Temple   | Entered the Ecumenical Temple
  3911 | Temple   | Became a worshipper of Warmaster Okawaru
  4280 | D:5      | Reached XP level 8. HP: 34/48 MP: 12/12
  4831 | D:6      | Reached skill level 5 in Fighting
  5232 | D:6      | Found a shadowy altar of Dithmenos.
  5407 | D:6      | Noticed Hamu's ghost (novice DsFE)
  5408 | D:6      | Found a runed translucent gate.
  5409 | D:6      | Found a runed translucent gate.
  5409 | D:6      | Found a runed translucent gate.
  5409 | D:6      | Noticed sigtrap's ghost (novice GnWn)
  5409 | D:6      | Noticed pokeman's ghost (novice DEHW)
  5409 | D:6      | Noticed Selrock's ghost (novice KoHs)
  5409 | D:6      | Noticed SpyderV's ghost (novice DsFi)
  5941 | D:7      | Found a radiant altar of Vehumet.
  6052 | D:7      | Reached skill level 1 in Invocations
  6193 | D:7      | Reached * piety under Okawaru
  6329 | D:7      | Identified the +2 whip "Befreag" {pain, rC+ Will- MP+9
                  | Int+2}
  7144 | D:8      | Reached XP level 9. HP: 38/55 MP: 13/13
  7225 | D:8      | Identified the ring "Jisukev" {Str+3 Dex+6 Slay+2}
  7232 | D:8      | Reached skill level 5 in Shields
  7239 | D:8      | Reached skill level 6 in Fighting
  7353 | D:8      | Found a broken altar of Ashenzari.
  7664 | D:8      | Reached ** piety under Okawaru
  7785 | D:8      | Found a sparkling altar of Nemelex Xobeh.
  8100 | D:9      | Noticed a cyclops
  8117 | D:9      | Killed a cyclops
  8118 | D:9      | Reached skill level 7 in Fighting
  8137 | D:9      | Reached skill level 1 in Short Blades
  8215 | D:9      | Reached *** piety under Okawaru
  8216 | D:9      | Reached XP level 10. HP: 38/63 MP: 14/14
  8368 | D:9      | Found a flagged portal.
  8421 | Bailey   | Entered a bailey
  8569 | Bailey   | Reached skill level 1 in Armour
  8667 | Bailey   | Reached skill level 8 in Fighting
  8780 | Bailey   | Identified the +9 trident "Heghamodd" {heavy, rN+ rCorr
                  | MP+9 Dex-5}
  8928 | D:9      | Reached **** piety under Okawaru
  8978 | D:9      | Found a burning altar of Makhleb.
  9316 | D:10     | Entered Level 10 of the Dungeon
  9426 | D:10     | Noticed an unseen horror
  9439 | D:10     | Killed an unseen horror
  9549 | D:10     | Found a bloodstained altar of Trog.
  9563 | D:10     | Found a staircase to the Lair.
  9697 | D:10     | Reached skill level 5 in Stealth
  9938 | D:10     | Reached ***** piety under Okawaru
 10202 | D:10     | Noticed Erica
 10214 | D:10     | Killed Erica
 10215 | D:10     | Reached skill level 5 in Short Blades
 10215 | D:10     | Reached XP level 11. HP: 69/69 MP: 15/15
 10349 | D:10     | Found an opulent altar of Gozag.
 10663 | D:11     | Noticed a skeletal warrior
 10663 | D:11     | Noticed a skeletal warrior
 10663 | D:11     | Noticed a skeletal warrior
 10663 | D:11     | Noticed a skeletal warrior
 10698 | Lair:1   | Entered Level 1 of the Lair of Beasts
 10911 | Lair:1   | Reached skill level 5 in Dodging
 11140 | Lair:1   | Reached skill level 9 in Fighting
 11198 | Lair:1   | Received a gift from Okawaru
 11998 | Lair:1   | Identified the +8 rapier "Baseonne" {antimagic, rElec}
                  | (Okawaru gifted it to you on level 1 of the Lair of Beasts)
 11998 | Lair:1   | Received a gift from Okawaru
 12327 | Lair:2   | Noticed a four-headed hydra
 12336 | Lair:2   | Killed a one-headed hydra
 12365 | Lair:2   | Reached XP level 12. HP: 69/77 MP: 5/16
 12387 | Lair:2   | Reached skill level 10 in Fighting
 12392 | Lair:2   | Found a staircase to the Shoals.
 12957 | Lair:3   | Reached skill level 5 in Invocations
 13276 | Lair:3   | Found a staircase to the Snake Pit.
 13276 | Lair:3   | Noticed a boulder beetle
 13318 | Lair:3   | Received a gift from Okawaru
 13326 | Lair:3   | Killed a boulder beetle
 14089 | Lair:4   | Noticed Sonja
 14106 | Lair:3   | Killed Sonja
 14152 | Lair:4   | Noticed a catoblepas
 14155 | Lair:4   | Noticed a death yak
 14350 | Lair:4   | Killed a catoblepas
 14555 | Lair:4   | Killed a death yak
 14686 | Lair:4   | Identified the +4 chain mail of the Frog {rElec rPois Str-4
                  | Dex-4}
 14720 | Lair:4   | Noticed an eight-headed hydra
 14735 | Lair:4   | Killed a four-headed hydra
 14736 | Lair:4   | Reached skill level 5 in Armour
 15140 | Lair:4   | Found a viscous altar of Jiyva.
 15149 | Lair:4   | Found a staircase to the Slime Pits.
 15636 | Lair:5   | Entered Level 5 of the Lair of Beasts
 15768 | Lair:5   | Identified the +0 robe "Sukann" {+Blink +Inv Dex-2
                  | Archmagi} (Okawaru gifted it to you on level 5 of the Lair
                  | of Beasts)
 15768 | Lair:5   | Received a gift from Okawaru
 15794 | Lair:5   | Reached skill level 11 in Fighting
 15840 | Lair:4   | Reached XP level 13. HP: 32/84 MP: 18/18
 16273 | Lair:5   | Noticed Kirke
 16753 | Lair:4   | HP: 4/84 [cane toad (13)]
 16753 | Lair:4   | Slain by a hell rat

Illustrated notes

Levels and vault maps discovered:
D:1:      dpeg_arrival_water_altar, layout_loops_ring, minmay_stone_trees_small,
          minmay_tromino_v7
D:2:      layout_loops_ring, kennysheep_generic_room_15
D:3:      layout_basic, lemuel_tele_altar, gammafunk_temple_overflow_wave,
          gammafunk_ghost_abyssal_escape
D:4:      layout_loops_cross, mainiacjoe_overflow_six_doors_small,
          gup_sewer_entry_glass, uniq_natasha, uniq_grinder, uniq_duvessa
D:5:      layout_cave_pods, temple_green, minmay_manual_monstrance
D:6:      layout_loops_ring, grunt_dithmenos_shadows, gammafunk_ghost_cemetery,
          grunt_decor_resistance, minmay_checkerbox
D:7:      layout_layer_cave, fiery_altar_vehumet, minmay_misc_feat_secret_circle
D:8:      layout_loops_ring, nicolae_overflow_crystal_walls,
          ashenzari_conservatory_becter, serial_demonic, serial_demonic_b,
          serial_demonic_g, serial_demonic_f, serial_demonic_e,
          serial_demonic_b, serial_demonic_e, serial_demonic_c,
          serial_demonic_b, serial_demonic_c, serial_demonic_e
D:9:      layout_cave_pools, lightli_temple_of_fire, enter_bailey_5
D:10:     layout_loops_corners, mainiacjoe_overflow_small_starburst,
          nicolae_gozag_cash_rules_everything_around_me, lair_entry_dummy,
          dk_noncrumbling_4, uniq_erica
D:11:     layout_roguey
Temple:   nicolae_temple_ecumenical_triangle
Lair:1:   layout_regular_city, dpeg_stationary_puzzle, grunt_megastairs_1,
          infiniplex_staircase_pool_2
Lair:2:   layout_hall_layers, minmay_shoals_entry_centaurs, guppyfry_lair_drakes
Lair:3:   layout_loops_ring, minmay_snake_entry_guardpost_small, serial_forest,
          infiniplex_forest_straight_4, infiniplex_forest_3_way,
          infiniplex_forest_clump_C, infiniplex_forest_clump_C
Lair:4:   layout_loops_ring, nicolae_slime_entry_field_trip,
          nicolae_lair_grove_arrangements, nicolae_lair_yak_garden, uniq_sonja
Lair:5:   hellmonk_lair_end_abyssal_woods, layout_cave_pods,
          serial_bayou_pond_b, st_stairs_3, grunt_forest_small_clearings,
          eino_house_with_fridge, uniq_kirke

Skill      XL: |  1  2  3  4  5  6  7  8  9 10 11 12 13 |
---------------+----------------------------------------+-----
Stealth        | 1 2 3 4 5 6 |  6.4
Long Blades    | 4 5 6 8 |  8.3
Fighting       | 3 4 5 7 8 9 11 | 11.2
Shields        | 1 2 3 4 6 7 |  7.1
Evocations     | 1 2 4 |  4.7
Invocations    | 2 4 6 |  6.9
Short Blades   | 1 5 7 9 |  9.3
Armour         | 4 5 |  5.6
Dodging        | 4 7 8 |  8.0
Spellcasting   | |  2.0
Conjurations   | |  4.5

Action                     |  1- 3 |  4- 6 |  7- 9 | 10-12 | 13-15 || total
---------------------------+-------+-------+-------+-------+-------++-------
  Melee: Falchion          |   117 |    60 |       |       |       ||   177
         Kick              |    20 |    39 |   130 |   364 |    59 ||   612
         Peck              |    11 |    21 |    74 |   240 |    33 ||   379
         Punch             |     1 |       |       |       |       ||     1
         Short sword       |       |    74 |   366 |   717 |    80 ||  1237
         Scimitar          |       |       |       |    15 |     9 ||    24
         Rapier            |       |       |       |    37 |    15 ||    52
  Throw: Dart              |       |       |       |     1 |       ||     1
 Invoke: Heroism           |       |       |     2 |    11 |     2 ||    15
         Finesse           |       |       |       |       |     1 ||     1
  Evoke: Wand              |       |     5 |     1 |    15 |     1 ||    22
         Condenser vane    |       |       |       |     1 |       ||     1
    Use: Scroll            |       |    11 |     6 |     8 |     2 ||    27
         Potion            |       |     3 |       |     3 |     1 ||     7
   Stab: Sleeping          |       |     4 |     6 |     8 |       ||    18
         Invisible         |       |     2 |       |       |       ||     2
 Armour: Scale mail        |    54 |    55 |    73 |    84 |    10 ||   276
  Dodge: Dodged            |    58 |    52 |   102 |   223 |    46 ||   481
  Block: Buckler           |     6 |    32 |    50 |   114 |    16 ||   218

Table legend: (Time is in decaauts)
 A = Elapsed time spent in this place.
 B = Non-inter-level travel time spent in this place.
 C = Inter-level travel time spent in this place.
 D = Time resting spent in this place.
 E = Time spent auto-exploring this place.
 F = Levels seen in this place.
 G = Mean time per level.
                   A        B        C        D        E       F      G
               +--------+--------+--------+--------+--------+-----+--------+
         Total |  15215 |  14638 |    577 |   1233 |  10928 |  19 |  800.8 |
       Dungeon |   8982 |   8607 |    375 |     98 |   7167 |  11 |  816.5 |
        Temple |     17 |      8 |      9 |      0 |      2 |   1 |   17.0 |
          Lair |   5402 |   5209 |    193 |   1066 |   3343 |   5 | 1080.4 |
         Sewer |    420 |    420 |      0 |      0 |    307 |   1 |  420.0 |
        Bailey |    392 |    392 |      0 |     68 |    106 |   1 |  392.0 |
               +--------+--------+--------+--------+--------+-----+--------+

Top non-repeatable levels by time:
  Lair:4: 1768 daAuts
  Lair:3: 1446 daAuts
  Lair:1: 1353 daAuts
    D:10: 1246 daAuts
     D:5: 1061 daAuts
     D:6: 1053 daAuts
     D:7: 1037 daAuts
     D:1: 878 daAuts
     D:3: 772 daAuts
     D:8: 768 daAuts
     D:9: 764 daAuts
     D:2: 733 daAuts
     D:4: 665 daAuts
  Lair:2: 612 daAuts
   Sewer: 420 daAuts
